 BcadrenCrawl: Boulder Brew version 0.03.2-1-gf5276ba (webtiles) character file.

Game seed: 13146167262209292970, levelgen mode: deterministic

147 Kalegnar the Gusty (level 5, 0/4 HPs) Fairy Air Elementalist. Began on Dec 23, 2020. Shot with a bolt by a kobold (1 damage) ... led by a big kobold ... on level 2 of the Dungeon. The game lasted 00:03:23 (712 turns).

Kalegnar the Gusty (Fairy Air Elementalist)          Turns: 712, Time: 00:03:24

Health: 0/4        AC:  0    Str:  2    XL:     5 ^: 170
Magic:  3/3        EV:  8    Int: 19    God:
Gold:   26         SH:  0    Dex: 17    Spells: 6/12 levels left

rFire    . . .     Vision   .   (no jewelry)
rCold    . . .     Gourm    .
rNeg     . . .     Faith    .
rPois    .         Spirit   .
rElec    .         Reflect  .
rCorr    .         Harm     .
MR       +....
Stlth    +.........
HPRegen  0.11/turn
MPRegen  0.13/turn

@: flying, glowing, slow
A: tiny, no armour or weapons, only one jewelry slot, no melee attacks, fairy
magic, fairy shield, fairy light, decreased potion and divine healing, slowness
1, able to fly, insubstantial
a: Stop Flying


You were on level 2 of the Dungeon.
You were not hungry.

You visited 1 branch of the dungeon, and saw 2 of its levels.

You collected 26 gold pieces.

Inventory:

Scrolls
 c - 2 scrolls of fog
 d - a scroll of teleportation
 e - a scroll of amnesia
Potions
 a - a potion of curing
 f - 2 potions of brilliance
Comestibles
 b - a ration


   Skills:
 + Level 3.4 Dodging
 - Level 1.4 Stealth
 + Level 4.3 Spellcasting
 + Level 4.4 Air Magic


You had 6 spell levels left.
You knew the following spells:

 Your Spells              Type           Power        Failure   Level  Hunger
a - Shock                 Air            20 (25)      2%          1    None
b - Swiftness             Chrm/Air       12 (100)     9%          2    #......
c - Static Discharge      Air            20 (100)     6%          3    ###....

Your spell library contained the following spells:

 Spells                   Type           Power        Failure   Level  Hunger
 Airstrike                Air            20 (200)     22%         4    ####...
 Lightning Bolt           Air            20 (200)     52%         5    ######.


Dungeon Overview and Level Annotations

Branches:
Dungeon (2/8)

Altars:


Innate Abilities, Weirdness & Mutations

You are too small to use any gear.
You can wear a single ring or amulet completely around your body.
You are incapable of melee of any kind.
Your magic reserves are extremely low but spells that normally cost one mana are free and all other spells cost one mana.
You are extremely frail but all attacks that strike you do exactly one damage.
You exude a bright light in a small radius around yourself.
The effect of potions and godly healing effects is reduced to match your tiny health and magic reserves.
You cover ground slowly.
You can fly continuously.
Your insubstantial form boosts your evasion and grants immunity to sticky flames, nets and constriction.


Message History

Casting: Static Discharge (safe; 6% risk of failure)
Confirm with . or Enter, or press ? or * to list all spells.
Aiming: Shock (safe; 2% risk of failure)
Press: ? - help, Shift-Dir - straight line The zap hits the kobold (5).
You kill the kobold!
The kobold hits you with a +0 short sword (3).
The kobold shoots a bolt.
The bolt bug you (5).
* * * LOW HITPOINT WARNING * * *
Casting: Shock (safe; 2% risk of failure)
Confirm with . or Enter, or press ? or * to list all spells.
Aiming: Shock (safe; 2% risk of failure)
Press: ? - help, Shift-Dir - straight line, f - kobold
Aim: a kobold, wielding a +0 short sword (moderately wounded (2/3), haloed)
The zap hits the kobold (4).
You kill the kobold!
The zap hits the withered plant (5).
The withered plant is almost destroyed. (1/6) HP The kobold shoots a bolt.
The bolt bug you (2).
You die...

## ##≈
##≈. #
#...##≈##
#@≈.)#
#≈.)††≈≈≈≈
#≈K).#†..†
##≈.P# ≈.#
#≈..# #
#≈...
####.≈ .##


You could see a kobold.

Vanquished Creatures
  A big kobold (D:1)
  3 giant cockroaches (D:1)
  A cinder newt (D:1)
  A leopard gecko (D:1)
  A ball python (D:1)
  4 goblins (D:1)
  5 hobgoblins (D:1)
  2 bats (D:1)
  10 kobolds
  4 rats (D:1)
32 creatures vanquished.

Vanquished Creatures (others)
  4 toadstools (D:1)
  A withered plant (D:2)
5 creatures vanquished.

Grand Total: 37 creatures vanquished

Notes
Turn   | Place    | Note
-------+----------+-------------------------------------------
     0 | D:1      | Kalegnar the Fairy Air Elementalist began the quest for the
                  | Orb.
     0 | D:1      | Reached XP level 1. HP: 3/3 MP: 3/3
    74 | D:1      | Reached XP level 2. HP: 3/3 MP: 3/3
    78 | D:1      | Learned a level 2 spell: Swiftness
   177 | D:1      | Reached XP level 3. HP: 3/4 MP: 3/3
   195 | D:1      | Learned a level 3 spell: Static Discharge
   243 | D:1      | Reached XP level 4. HP: 4/4 MP: 3/3
   685 | D:2      | Noticed a big kobold
   697 | D:1      | Killed a big kobold
   697 | D:1      | Reached XP level 5. HP: 2/4 MP: 2/3
   712 | D:2      | Shot with a bolt by a kobold

Levels and vault maps discovered:
D:1:      ldierk_water_garden, layout_loops_ring
D:2:      layout_sewer, makhleb_blood_cavern_becter, minmay_bent

Skill      XL: |  1  2  3  4 |
---------------+-------------+-----
Spellcasting   | 3 4 |  4.3
Air Magic      | 4 |  4.4
Dodging        | 3 |  3.4
Stealth        | |  1.4

Action                   |  1- 3 |  4- 6 || total
-------------------------+-------+-------++-------
 Cast: Shock             |    36 |    25 ||    61
       Static Discharge  |       |     1 ||     1
 Abil: Fly               |     1 |       ||     1
Dodge: Dodged            |     5 |     1 ||     6
